 Dungeon Crawl Stone Soup version 0.31-a0-431-g88bdf31460 (webtiles) character file.

Game seed: 10220787859781112458

4009 Dirtsage the Grappler (level 10, 0/65 HPs)
             Began as a Demonspawn Shapeshifter on July 31, 2023.
             Was a Priest of Makhleb.
             Slain by a killer bee (1 damage)
             ... on level 9 of the Dungeon.
             The game lasted 00:14:38 (7859 turns).

Dirtsage the Grappler (Demonspawn Shapeshifter)     Turns: 7859, Time: 00:14:38

Health: 0/65       AC: 13    Str: 20    XL:     10   Next: 3%
Magic:  10/10      EV:  7    Int: 16    God:    Makhleb [***...]
Gold:   308        SH: 10    Dex: 13    Spells: 9/9 levels left

rFire   + .          .
                       - Unarmed
rCold   . . .        N - +2 kite shield {AC+3}
rNeg    . . .        v - +0 chain mail
rPois   .            (helmet currently unavailable)
rElec   .            (cloak currently unavailable)
rCorr   .            (gloves currently unavailable)
SInv    .            (boots currently unavailable)
Will    .....        z - amulet of regeneration Stlth
                     F - ring of protection from fire
HPRegen 1.10/turn    x - +6 ring of intelligence
MPRegen 0.12/turn

%: no passive effects
@: lethally poisoned (0 -> -19), beast-form
A: beast (slay +5), icy blue scales 1, ignite blood 2, demonic magic 3, weakness
stinger 2
a: Begin Untransformation, Renounce Religion, Minor Destruction, Lesser Servant
of Makhleb


You were on level 9 of the Dungeon.
You worshipped Makhleb.
Makhleb was most pleased with you.
You were a hulking beast.
You visited 2 branches of the dungeon, and saw 10 of its levels.

You collected 575 gold pieces.
You spent 267 gold pieces at shops.

Inventory:

Missiles
 K - a curare-tipped dart
 P - 3 throwing nets
Armour
 a - a +0 animal skin
 k - a +0 pair of boots
 l - a +0 leather armour
 n - a +0 helmet
 o - a +0 ring mail
 v - a +0 chain mail (worn)
 C - a +0 hat of see invisible
 D - a +0 cloak
 J - a +0 cloak
 N - a +2 kite shield of protection (worn)
 S - a +0 cloak
Magical Staves
 A - a staff of earth
Jewellery
 r - an amulet of guardian spirit
 x - a +6 ring of intelligence (right hand)
 z - an amulet of regeneration (around neck)
 F - a ring of protection from fire (left hand)
Talismans
 c - a beast talisman (active)
Wands
 s - a wand of flame (55)
 w - a wand of paralysis (17)
 y - a wand of iceblast (15)
 Q - a wand of mindburst (3)
Scrolls
 f - 3 scrolls of revelation
 g - a scroll of fear
 h - a scroll of amnesia
 i - a scroll of identify
 p - 2 scrolls of enchant armour
 t - 3 scrolls of teleportation {unknown}
 B - a scroll of blinking
 E - 2 scrolls of enchant weapon
 L - a scroll of silence {unknown}
 R - a scroll of vulnerability {unknown}
Potions
 b - 6 potions of lignification
 d - a potion of might
 e - a potion of brilliance {unknown}
 j - 5 potions of heal wounds {unknown}
 m - 3 potions of enlightenment {unknown}
 q - 7 potions of curing
 u - 2 potions of mutation {unknown}
 G - a potion of ambrosia {unknown}
 H - a potion of haste {unknown}
 I - a potion of attraction {unknown}
 M - a potion of cancellation {unknown}
 O - a potion of resistance {unknown}


   Skills:
 - Level 1.0 Fighting
 - Level 1.7 Dodging
 * Level 2.1 Shields
 + Level 9.7 Unarmed Combat
 + Level 8.3 Shapeshifting


You had 9 spell levels left.
You didn't know any spells.
Your spell library contained the following spells:

 Spells                   Type           Power      Damage    Failure   Level
 Freeze                   Ice            0%         1d3       99%         1
 Ensorcelled Hibernation  Hex/Ice        0%         N/A       100%        2
 Lesser Beckoning         Tloc           0%         N/A       100%        2
 Dazzling Flash           Conj/Hex       0%         N/A       100%        3
 Frozen Ramparts          Ice            0%         1d1       100%        3
 Gell's Gravitas          Tloc           0%         N/A       100%        3
 Hailstorm                Conj/Ice       0%         3d3       100%        3
 Portal Projectile        Hex/Tloc       0%         N/A       100%        3
 Teleport Other           Tloc           0%         N/A       100%        3
 Tukima's Dance           Hex            0%         N/A       100%        3
 Volatile Blastmotes      Fire/Tloc      0%         2d10      100%        3
 Iskenderun's Mystic Bla  Conj/Tloc      0%         2d3       100%        4
 Sticky Flame             Conj/Fire      0%         2d3       100%        4
 Agony                    Necr           0%         N/A       100%        5
 Fireball                 Conj/Fire      0%         3d3       100%        5
 Iskenderun's Battlesphe  Conj           0%         2d6       100%        5
 Silence                  Hex/Air        0%         N/A       100%        5
 Conjure Ball Lightning   Conj/Air       0%         3x3d6     100%        6
 Orb of Destruction       Conj           0%         9d5       100%        7


Dungeon Overview and Level Annotations

Branches:
Dungeon (9/15)             Temple (1/1) D:4
   Lair: D:8-11         Orc: D:9-12

Altars:
Ashenzari
Cheibriados
Dithmenos
Fedhas
Gozag
Hepliaklqana
Kikubaaqudgha
Makhleb
Nemelex Xobeh
Okawaru
Qazlal
Ru
Sif Muna
Trog
Uskayaw
Vehumet
Wu Jian
Xom
Yredelemnul

Shops:
D:8 **   D:9 !


Innate Abilities, Weirdness & Mutations

You are a hulking beast.
Your limbs bulge with bestial killing power. (Slay +5)
You are partially covered in icy blue scales. (AC +2)
Your demonic aura often causes spilled blood to erupt in flames.
Spells you cast and wands you use may paralyse nearby enemies.
You have a tail ending in a sharp stinger.


Message History

There is a stone staircase leading up, spattered with blood here.
You miss the killer bee.
Your tail-slap misses the killer bee.
The killer bee stings you. You block the killer bee's attack.
The killer bee stings you.
You take 9 damage, and have 46/65 hp.
You closely miss the killer bee. The killer bee closely misses you.
You block the killer bee's attack. The killer bee stings you.
You are poisoned.
The killer bee poisons you!
The killer bee stings you but does no damage.
The killer bee stings you. You block the killer bee's attack.
You take 10 damage, and have 36/65 hp.
You miss the killer bee. You tail-slap the killer bee!
The killer bee is heavily wounded.
You feel very sick.
The killer bee stings you but does no damage. x2
The killer bee completely misses you. The killer bee barely misses you.
The killer bee stings you.
You are more poisoned.
The killer bee poisons you! You block the killer bee's attack.
The killer bee stings you. x2
You are more poisoned.
The killer bee poisons you!
The killer bee stings you but does no damage. x2
The killer bee stings you!
* * * LOW HITPOINT WARNING * * *
You are more poisoned.
The killer bee poisons you! The killer bee stings you.
* * * LOW HITPOINT WARNING * * *
You are more poisoned.
The killer bee poisons you!
You take 25 damage, and have 11/65 hp.
MASSIVE DAMAGE!!
* * * LOW HITPOINT WARNING * * *
You feel extremely sick. The killer bee stings you.
* * * LOW HITPOINT WARNING * * *
You block the killer bee's attack. The killer bee stings you.
* * * LOW HITPOINT WARNING * * *
The killer bee barely misses you. The killer bee stings you.
You die...

###.........## ##......##.##
###......## ##.......##..#
##....## ##.......####.#
###### #....y###........#
##.. .....###
####yy...........###...
.......###
###...........##..##
.........##
##..........#..##
^.........# #yy...........##
..........# #hy..........##
..........# #yy)........##
..........# #..........##
..........# ##........##
..........# ##........#
..........# ###......#..#
....).....#####...#######.##
## ...).....###...#### #..#
##. ........#......### ##.#
#..


You could see 5 killer bees.

Vanquished Creatures
  A shadow (D:9)
  Sigmund (D:4)
  A wyvern (D:8)
  4 humans (D:6)
  2 steam dragons
  A water moccasin (D:6)
  3 orc warriors
  A sky beast (D:7)
  4 ogres
  2 phantoms
  2 centaurs (D:9)
  5 bullfrogs
  2 kobold brigands
  6 jellies
  3 gnoll boudas
  2 orc priests
  A sleepcap (D:8)
  2 hounds (D:6)
  3 iguanas
  5 orc wizards
  Natasha (thrice) (D:3)
  Robin (D:2)
  9 adders
  22 gnolls
  A shadow imp (D:6)
  3 white imps
  3 ufetubi
  5 worms
  3 dart slugs
  35 orcs
  4 ball pythons
  4 endoplasms
  2 giant cockroaches
  15 goblins
  6 hobgoblins
  8 jackals
  2 quokkas
  5 bats
  2 frilled lizards (D:1)
  11 kobolds
  3 rats
198 creatures vanquished.

Notes
Turn   | Place    | Note
-------+----------+-------------------------------------------
     0 | D:1      | Dirtsage the Demonspawn Shapeshifter began the quest for
                  | the Orb.
     0 | D:1      | Reached XP level 1. HP: 15/15 MP: 1/1
   512 | D:1      | Reached skill level 3 in Unarmed Combat
   512 | D:1      | Gained mutation: You have a small tail. [demonic ancestry]
   512 | D:1      | Reached XP level 2. HP: 21/21 MP: 2/2
  1130 | D:2      | Gained mutation: Your demonic aura sometimes causes spilled
                  | blood to erupt in flames. [demonic ancestry]
  1130 | D:2      | Reached XP level 3. HP: 26/26 MP: 3/3
  1262 | D:2      | Noticed Robin
  1364 | D:2      | Killed Robin
  1714 | D:2      | Gained mutation: You are partially covered in icy blue
                  | scales. (AC +2) [demonic ancestry]
  1714 | D:2      | Reached XP level 4. HP: 25/32 MP: 4/4
  2434 | D:3      | Noticed Natasha
  2437 | D:3      | Reached skill level 4 in Unarmed Combat
  2438 | D:3      | Killed Natasha
  2439 | D:3      | Gained mutation: You have a tail ending in a sharp stinger.
                  | [demonic ancestry]
  2439 | D:3      | Reached XP level 5. HP: 34/37 MP: 5/5
  2495 | D:3      | Found a broken altar of Ashenzari.
  2500 | D:3      | Saw a vision of the Swamp and the Spider Nest.
  2500 | D:3      | Noticed a moth of wrath
  2500 | D:3      | Noticed a pharaoh ant
  2500 | D:3      | Noticed a boulder beetle
  2500 | D:3      | Noticed a redback
  2500 | D:3      | Noticed a moth of wrath
  2500 | D:3      | Noticed a torpor snail
  2500 | D:3      | Noticed a wolf spider
  2500 | D:3      | Noticed a wolf spider
  2500 | D:3      | Noticed a jumping spider
  2500 | D:3      | Noticed a bog body
  2500 | D:3      | Noticed a tyrant leech
  2500 | D:3      | Noticed a spriggan druid
  2500 | D:3      | Noticed a goliath frog
  2500 | D:3      | Noticed a bog body
  2500 | D:3      | Noticed a tyrant leech
  2500 | D:3      | Noticed a goliath frog
  2500 | D:3      | Noticed a tyrant leech
  2500 | D:3      | Noticed a redback
  2501 | D:3      | Noticed a will-o-the-wisp
  2503 | D:3      | Noticed a tarantella
  2650 | D:3      | Noticed Natasha
  2658 | D:3      | Killed Natasha
  2880 | D:3      | Found a faded altar of an unknown god.
  3021 | D:3      | Noticed Natasha
  3027 | D:3      | Killed Natasha
  3028 | D:3      | Gained mutation: Your demonic aura often causes spilled
                  | blood to erupt in flames. [demonic ancestry]
  3028 | D:3      | Reached XP level 6. HP: 30/43 MP: 3/6
  3083 | D:3      | Found a sparkling altar of Nemelex Xobeh.
  3161 | D:4      | Reached skill level 5 in Unarmed Combat
  3208 | D:4      | Found a basalt altar of Yredelemnul.
  3224 | D:4      | Identified the +1 robe of the Everdark {+Blink rCorr}
  3438 | D:4      | Noticed Sigmund
  3445 | D:4      | Killed Sigmund
  3446 | D:4      | Reached XP level 7. HP: 48/48 MP: 7/7
  3674 | D:4      | Reached skill level 5 in Shapeshifting
  3678 | D:4      | Found a staircase to the Ecumenical Temple.
  3688 | Temple   | Entered the Ecumenical Temple
  3780 | Temple   | Became a worshipper of Makhleb the Destroyer
  3884 | D:5      | Entered Level 5 of the Dungeon
  4055 | D:5      | Reached skill level 6 in Unarmed Combat
  4459 | D:5      | Gained mutation: Spells you cast may paralyse adjacent
                  | enemies. [demonic ancestry]
  4459 | D:5      | Reached XP level 8. HP: 34/54 MP: 8/8
  4610 | D:5      | Found a snail-covered altar of Cheibriados.
  4615 | D:5      | Found an iron altar of Okawaru.
  4646 | D:5      | Reached * piety under Makhleb
  4809 | D:6      | Reached skill level 7 in Unarmed Combat
  4958 | D:6      | Reached skill level 8 in Unarmed Combat
  5022 | D:6      | Gained mutation: Spells you cast may paralyse nearby
                  | enemies. [demonic ancestry]
  5022 | D:6      | Reached XP level 9. HP: 47/59 MP: 9/9
  5199 | D:6      | Found an ornate altar of the Wu Jian Council.
  5210 | D:6      | Got the Vademecum on the Flammable Icicle
  5217 | D:6      | You fall into a shaft and drop 3 floors!
  5526 | D:7      | Reached ** piety under Makhleb
  5908 | D:7      | Reached skill level 9 in Unarmed Combat
  6656 | D:8      | Found Arhim's General Store.
  6804 | D:8      | Found Wupairhi's Assorted Antiques.
  6994 | D:8      | Bought a +2 kite shield of protection for 215 gold pieces
  7465 | D:9      | Reached skill level 1 in Shields
  7602 | D:9      | Found Modac's Distillery.
  7612 | D:9      | Bought a potion of might for 52 gold pieces
  7659 | D:9      | Gained mutation: Spells you cast and wands you use may
                  | paralyse nearby enemies. [demonic ancestry]
  7659 | D:9      | Reached XP level 10. HP: 65/65 MP: 10/10
  7730 | D:9      | Reached *** piety under Makhleb
  7859 | D:9      | HP: 2/65 [killer bee (2)]
  7859 | D:9      | Slain by a killer bee

Illustrated notes

Levels and vault maps discovered:
D:1:      minmay_arrival_four_loops, layout_basic, minivault_25,
          nicolae_grassy_gnolls
D:2:      layout_basic, serial_co_window_serial, co_window_paths_b,
          co_window_of_opportunity_a, co_window_paths_a,
          co_window_of_opportunity_a, co_window_corner_a, co_window_paths_a,
          co_window_paths_a, co_window_paths_a, co_window_paths_a,
          co_window_broadway_b, co_window_broadway_a,
          co_window_of_opportunity_b, co_window_of_opportunity_b,
          co_window_paths_c, co_window_4corner_a, co_window_4corner_b,
          glass_columns_a, glass_columns_a, glass_columns_a, glass_columns_b,
          glass_columns_b, uniq_robin
D:3:      layout_rooms, grunt_ashenzari_visionary
          [grunt_ashenzari_visionary_swamp, grunt_ashenzari_visionary_spider],
          nemelex_diamond_rough_becter, shapermc_ecumenical_altar_totnotflames,
          uniq_natasha
D:4:      layout_rooms, mainiacjoe_overflow_concentric_impassable,
          minmay_temple_entry_poolview, minmay_misc_feat_roman,
          minmay_misc_feat_encased, minivault_14, uniq_sigmund
D:5:      minmay_spotlight, layout_loops_corners,
          mainiacjoe_overflow_large_starburst
D:6:      layout_cave_pools, mainiacjoe_overflow_paths, minmay_ruffians
D:7:      layout_basic
D:8:      layout_basic, serial_shops, nicolae_shop_overgrown_old_shop,
          nrook_campfire, nicolae_inconvenience_store
D:9:      layout_cave_pods, serial_shops, shop
Temple:   eino_temple_scatter_basement

Skill      XL: |  1  2  3  4  5  6  7  8  9 10 |
---------------+-------------------------------+-----
Unarmed Combat | 3 4 5 6 8 9 |  9.7
Shapeshifting  | 3 4 5 6 8 |  8.3
Shields        | 1 2 |  2.1
Fighting       | |  1.0
Dodging        | |  1.7

Action                     |  1- 3 |  4- 6 |  7- 9 | 10-12 || total
---------------------------+-------+-------+-------+-------++-------
  Melee: Unarmed           |    82 |   106 |   266 |    12 ||   466
         Punch             |     1 |     5 |     8 |       ||    14
         Tailslap          |     7 |    16 |    48 |     2 ||    73
    Use: Potion            |       |     1 |       |       ||     1
         Scroll            |       |       |     6 |       ||     6
   Stab: Sleeping          |     3 |       |       |       ||     3
 Armour: Animal skin       |     3 |       |       |       ||     3
         Ring mail         |     8 |    26 |       |       ||    34
         Leather armour    |     5 |       |       |       ||     5
         Chain mail        |       |    14 |   146 |    16 ||   176
  Dodge: Dodged            |    26 |    45 |    90 |    12 ||   173
  Block: Kite shield       |       |       |    13 |    12 ||    25

Table legend: (Time is in decaauts)
 A = Elapsed time spent in this place.
 B = Non-inter-level travel time spent in this place.
 C = Inter-level travel time spent in this place.
 D = Time resting spent in this place.
 E = Time spent auto-exploring this place.
 F = Levels seen in this place.
 G = Mean time per level.
                   A        B        C        D        E       F      G
               +--------+--------+--------+--------+--------+-----+--------+
         Total |   7806 |   7576 |    230 |      0 |   6373 |  10 |  780.6 |
       Dungeon |   7700 |   7482 |    218 |      0 |   6373 |   9 |  855.6 |
        Temple |    105 |     93 |     12 |      0 |      0 |   1 |  105.0 |
               +--------+--------+--------+--------+--------+-----+--------+

Top non-repeatable levels by time:
     D:2: 1461 daAuts
     D:1: 956 daAuts
     D:7: 928 daAuts
     D:8: 925 daAuts
     D:5: 909 daAuts
     D:3: 717 daAuts
     D:4: 624 daAuts
     D:6: 593 daAuts
     D:9: 583 daAuts
  Temple: 105 daAuts
